 Dungeon Crawl Stone Soup version 0.22.0-32-gbc6daba (webtiles) character file.

658 Monsterracer the Ruffian (level 7, -2/61 HPs)
             Began as a Centaur Chaos Knight on Aug 24, 2018.
             Was an Initiate of Gozag.
             Slain by an ogre
             ... wielding a +0 giant spiked club
              (22 damage)
             ... on level 4 of the Dungeon.
             The game lasted 00:06:41 (5443 turns).

Monsterracer the Ruffian (Centaur Chaos Knight)     Turns: 5443, Time: 00:06:41

Health: -2/61      AC:  8    Str: 17    XL:     7   Next: 30%
Magic:  7/7        EV:  3    Int: 11    God:    Gozag
Gold:   172        SH:  4    Dex:  8    Spells: 6/6 levels left

rFire    + . .     SeeInvis .     - Unarmed
rCold    . . .     Gourm    .   (no shield)
rNeg     . . .     Faith    .   b - +0 plate armour (curse)
rPois    .         Spirit   .   (no helmet)
rElec    .         Reflect  .   (no cloak)
rCorr    .         Harm     .   (no gloves)
MR       .....     Rnd*Tele +   (no barding)
Stlth    ..........             (no amulet)
HPRegen  0.20/turn              h - ring of teleportation (curse)
MPRegen  0.10/turn              p - ring of protection from fire {!d}

@: very quick
A: large, hooves 3, large bone plates 1, deformed body, speed 2, mutation
resistance 1, tough skin 3
a: Potion Petition, Call Merchant, Bribe Branch, Renounce Religion


You were on level 4 of the Dungeon.
You worshipped Gozag.
Gozag was aware of your devotion.
You were near starving.

You visited 2 branches of the dungeon, and saw 5 of its levels.
You also visited: Sewer.

You collected 289 gold pieces.
You spent 60 gold pieces at shops.
You paid 57 gold pieces to Gozag.

Inventory:

Armour
 a - a +3 leather armour
 b - a cursed +0 plate armour (worn)
Jewellery
 h - a cursed ring of teleportation (left hand)
 j - an uncursed ring of stealth
 p - a ring of protection from fire (right hand) {!d}
Scrolls
 n - 2 scrolls of amnesia
Potions
 d - 4 potions of heal wounds
 e - 7 potions of curing
 f - 2 potions of ambrosia {!q}
 g - a potion of invisibility
 i - a potion of lignification
 k - 3 potions of flight
 m - 2 potions of haste
Comestibles
 c - 5 rations


   Skills:
 + Level 5.4 Fighting
 - Level 1.3 Armour
 - Level 0.6 Dodging
 * Level 7.2 Unarmed Combat


You had 6 spell levels left.
You didn't know any spells.
Your spell library was empty.

Dungeon Overview and Level Annotations

Branches:
Dungeon (4/15)             Temple (1/1) D:4

Altars:
Cheibriados
Elyvilon
Fedhas
Gozag
Hepliaklqana
Makhleb
Nemelex Xobeh
Qazlal
Ru
Sif Muna
Uskayaw
Vehumet
Wu Jian
Xom
Yredelemnul
Zin
The Shining One

Shops:
D:4 !


Innate Abilities, Weirdness & Mutations

You have hooves in place of feet.
Armour fits poorly on your strangely shaped body.
You cover ground very quickly.
You have extremely tough skin. (AC +3)
You are partially covered in large bone plates. (SH +4)
You are somewhat resistant to further mutation.


Message History

No target in view!
You now have 162 gold pieces (gained 7).
c - 5 rations (gained 1) Key pressed, stopping explore.
No target in view!
You now have 172 gold pieces (gained 10).
l - a scroll labeled QIACOI TAIT No target in view!
No target in view!
A worker ant comes into view.
A worker ant is nearby!
An ogre comes into view. It is wielding a giant spiked club.
The ogre shouts!
There are monsters nearby!
The worker ant bites you but does no damage.
You hit the worker ant.
The worker ant is lightly wounded.
You block the worker ant's attack.
As you read the scroll labeled QIACOI TAIT, it crumbles to dust.
The scroll dissolves into smoke.
It was a scroll of fog.
The worker ant bites you but does no damage.
You hit the worker ant.
The worker ant is heavily wounded.
The worker ant bites you but does no damage.
You closely miss the worker ant.
You kick the worker ant, but do no damage.
The worker ant is heavily wounded.
The worker ant bites you but does no damage.
You hit the worker ant.
The worker ant is almost dead.
The worker ant barely misses you.
The ogre hits you with a giant spiked club!!
You take 19 damage, and have 42/61 hp.
MASSIVE DAMAGE!!
You hit the worker ant.
You kill the worker ant!
You hit the ogre. Your kick misses the ogre.
The ogre is lightly wounded.
You block the ogre's attack.
You hit the ogre but do no damage. You kick the ogre, but do no damage.
The ogre is lightly wounded.
Your plate armour prevents you from hitting the ogre.
The ogre is lightly wounded.
The ogre is distracted by the nearby gold.
You hit the ogre but do no damage.
The ogre is no longer distracted by gold.
The ogre is lightly wounded.
The ogre hits you with a giant spiked club.
You take 3 damage, and have 39/61 hp.
You hit the ogre but do no damage.
The ogre is lightly wounded.
The ogre hits you with a giant spiked club!
* * * LOW HITPOINT WARNING * * *
You take 13 damage, and have 26/61 hp.
MASSIVE DAMAGE!!
You hit the ogre but do no damage. You kick the ogre.
The ogre is moderately wounded.
You hit the ogre. You kick the ogre.
The ogre is heavily wounded.
The ogre hits you with a giant spiked club!
* * * LOW HITPOINT WARNING * * *
You take 15 damage, and have 11/61 hp.
MASSIVE DAMAGE!!
Fire/throw which item? (* to show all) (? for menu, Esc to quit)
Okay, then.
Okay, then.
You see here a morningstar.
There is a staircase to the Ecumenical Temple, spattered with blood here.
You can't go up here!
You climb downwards.
Welcome back to the Ecumenical Temple!
There is a staircase back to the Dungeon here.
You see here a ring mail.
Unknown command.
You start resting.
You are feeling very hungry.
You regained 10 hp, and now have 25/61 hp.
You start resting.
Unknown command.
You regained 18 hp, and now have 43/61 hp.
You start resting.
HP restored.
Health restored: 61 You are near starving!
You climb upwards.
Welcome back to the Dungeon!
The ogre hits you with a giant spiked club!
There is a staircase to the Ecumenical Temple, spattered with blood here.
You take 12 damage, and have 49/61 hp.
You hit the ogre.
The ogre is lightly wounded.
The ogre hits you with a giant spiked club!
You take 12 damage, and have 37/61 hp.
You barely miss the ogre. You kick the ogre.
The ogre is moderately wounded.
You barely miss the ogre. You kick the ogre!
The ogre is severely wounded.
The ogre hits you with a giant spiked club!!
* * * LOW HITPOINT WARNING * * *
You take 17 damage, and have 20/61 hp.
MASSIVE DAMAGE!!
You closely miss the ogre.
The ogre is severely wounded.
The ogre hits you with a giant spiked club!!
You die...
Your body crumbles into a pile of gold.

.O.####......#.###>...<.####.# .#
#### ###....#.####.#.#....#.##..
# #......[................. #
##.##.##.##.##.....#.#### #
###.#.........###..##.#
####.....................###
##....#.#..⌠...[..#####.#...##
##..####.#...O)....#####...#...
#..## #......@.........##.####
###.## ###.........#<...##...#.
#...# ###..⌠...⌠..#...........
..### #.....................##
.#########.#.........#.....#...#
...........##.##.##.###..#.......
#######.............# ##.#.......
# #...............## #.........
#.......#.#.###... ..#.......


You could see an ogre.

Vanquished Creatures
  A big kobold (Sewer)
  A scorpion (D:4)
  A crimson imp (D:3)
  7 orc priests
  A hound (D:4)
  An orc wizard (D:3)
  2 iguanas
  A worker ant (D:4)
  5 adders
  3 river rats
  An adder skeleton (D:4)
  3 worms (D:3)
  A leopard gecko (D:1)
  9 orcs
  2 giant cockroaches
  11 goblins
  8 hobgoblins
  7 jackals
  7 kobolds
  3 quokkas
  3 ball pythons
  2 bats (D:1)
  6 frilled lizards
  A leopard gecko skeleton (D:4)
  10 rats
97 creatures vanquished.

Notes
Turn   | Place    | Note
-------+----------+-------------------------------------------
     0 | D:1      | Monsterracer the Centaur Chaos Knight began the quest for the Orb.
     0 | D:1      | Reached XP level 1. HP: 19/19 MP: 1/1
   230 | D:1      | Reached XP level 2. HP: 24/26 MP: 2/2
   378 | D:1      | XOM: silly message
  1176 | D:2      | Reached XP level 3. HP: 20/31 MP: 3/3
  1384 | D:2      | Found a blossoming altar of Fedhas.
  1519 | D:2      | Reached skill level 4 in Unarmed Combat
  1591 | D:2      | XOM: divination: magic mapping
  1836 | D:3      | Found a white marble altar of Elyvilon.
  1920 | D:3      | XOM: potion effect (might)
  1941 | D:3      | Found a glowing drain.
  1948 | D:3      | Reached XP level 4. HP: 26/40 MP: 4/4
  1950 | D:3      | HP: 18/40 [river rat (7)]
  1957 | D:3      | HP: 17/40 [poisoned by a kobold]
  1963 | D:3      | HP: 16/40 [poisoned by a kobold]
  1968 | D:3      | HP: 16/40 [poisoned by a kobold]
  2143 | Sewer    | Entered a sewer
  2161 | Sewer    | HP: 16/40 [river rat (7)]
  2295 | Sewer    | Noticed a big kobold
  2304 | Sewer    | XOM: potion effect (agility)
  2331 | Sewer    | XOM: potion effect (brilliance)
  2333 | Sewer    | Killed a big kobold
  2333 | Sewer    | Reached skill level 5 in Unarmed Combat
  2333 | Sewer    | Reached XP level 5. HP: 24/46 MP: 5/5
  2489 | Sewer    | Found a white marble altar of Elyvilon.
  2776 | D:3      | Found a sacrificial altar of Ru.
  2783 | D:3      | XOM: potion effect (invisibility)
  2794 | D:3      | Fell from the grace of Xom
  2794 | D:3      | Became a worshipper of Ru the Awakened
  2882 | D:3      | Reached XP level 6. HP: 34/53 MP: 6/6
  2898 | D:3      | XOM: summons 1 hostile demon
  3271 | D:3      | XOM: mild Conj miscast
  3283 | D:3      | Found a radiant altar of Vehumet.
  3283 | D:3      | Found a burning altar of Makhleb.
  3307 | D:3      | Reached skill level 6 in Unarmed Combat
  3379 | D:3      | Found a deep blue altar of Sif Muna.
  3412 | D:4      | Found a staircase to the Ecumenical Temple.
  3415 | D:4      | XOM: mild Tmut miscast
  3489 | Temple   | Entered the Ecumenical Temple
  3544 | Temple   | XOM: medium Ice miscast
  4048 | Temple   | XOM: medium Ice miscast
  4149 | Temple   | Fell from the grace of Ru
  4149 | Temple   | Became a worshipper of Gozag Ym Sagoz the Greedy
  4174 | D:4      | Reached skill level 5 in Fighting
  4201 | D:4      | Found Xuic's Distillery.
  4209 | D:4      | Bought a potion of heal wounds for 60 gold pieces
  4251 | D:4      | HP: 20/56 [orc priest/divine providence (11)]
  4624 | Temple   | Reached XP level 7. HP: 54/61 MP: 7/7
  4708 | Temple   | XOM: give mutations
  4708 | Temple   | Gained mutation: You are somewhat resistant to further mutation. [Xom's grace]
  4708 | Temple   | Gained mutation: You are partially covered in large bone plates. (SH +4) [Xom's grace]
  4708 | Temple   | Gained mutation: You expend magic power (3 MP) to strengthen your wands. [Xom's grace]
  4730 | Temple   | XOM: mild Tmut miscast
  4852 | Temple   | HP: 29/61 [orc priest (4)]
  4860 | Temple   | XOM: give mutation
  4860 | Temple   | Lost mutation: You expend magic power (3 MP) to strengthen your wands. [Xom's mischief]
  5017 | D:4      | Reached skill level 7 in Unarmed Combat
  5182 | D:4      | HP: 26/61 [ogre/giant spiked club (13)]
  5184 | D:4      | HP: 11/61 [ogre/giant spiked club (15)]
  5442 | D:4      | HP: 20/61 [ogre/giant spiked club (18)]
  5443 | D:4      | Slain by an ogre

Skill      XL: |  1  2  3  4  5  6  7 |
---------------+----------------------+-----
Unarmed Combat | 4 5 6 7 |  7.2
Fighting       | 4 5 |  5.4
Armour         | |  1.3
Dodging        | |  0.6

Action                   |  1- 3 |  4- 6 |  7- 9 || total
-------------------------+-------+-------+-------++-------
Melee: Unarmed           |   125 |   180 |    46 ||   351
       Kick              |    16 |    36 |    11 ||    63
       Punch             |     1 |     3 |     1 ||     5
  Use: Scroll            |     7 |     4 |     1 ||    12
 Stab: Invisible         |       |     3 |       ||     3
       Paralysed         |       |     1 |       ||     1
       Sleeping          |       |     1 |       ||     1
  Eat: Chunk             |     1 |     6 |       ||     7
       Ration            |       |     1 |       ||     1
Armor: Leather armour    |    57 |    22 |       ||    79
       Plate armour      |       |    58 |     6 ||    64
Dodge: Dodged            |    50 |    68 |     5 ||   123
Block: Other             |       |       |     5 ||     5

Vault maps used:
D:1:      dpeg_arrival_chambers_temple_mockup
D:2:      fedhas_altar_2
D:3:      grunt_temple_overflow_lords_of_destruction, led_sif_pool,
          nicolae_ru_great_annihilating_truth, lemuel_doored_altar,
          portal_sewer_entry_a
D:4:      minmay_temple_entry_large_hall, serial_shops, nicolae_shop_crystal
Temple:   hc_temple_tempest_star
Sewer:    sewer_kobolds
